Map: 汇龙岛 - 天梯版

Players

JinairRogue (Rogue) - Winner!

  • Race: Zerg Zerg
  • Spawn Location: 5:00

Neeb

  • Race: Protoss Protoss
  • Spawn Location: 11:00

Event: 2018 Hangzhou StarCraft Carnival

VOD

Have the link to the VOD?

Description

Time

  • Played on: April 30, 2018, 1:23 a.m.
  • Length: 12:53

All games in this series

Show
View Real Time Build Order
Export as new Build Order

JinairRogue Zerg - Winner!

Build Orders: Hatch First 

Get SALT Encoding   

  12  0:00  Drone  
  13  0:12  Overlord  
  13  0:17  Drone  
  14  0:30  Drone x2  
  16  0:49  Hatchery  
  15  0:51  Drone  
  15  0:55  Drone  
  17  0:58  Drone  
  18  1:09  Extractor  
  17  1:13  Spawning Pool  
  17  1:17  Drone  
  17  1:20  Drone  
  18  1:28  Drone  
  19  1:38  Drone  
  20  1:50  Overlord  
  20  1:59  Queen  
  20  2:00  Queen  
  20  2:01  Zergling x4  
  26  2:09  Metabolic Boost  
  26  2:11  Drone  
  26  2:13  Drone  
  28  2:22  Drone x2  
  30  2:33  Drone x2  
  32  2:41  Hatchery  
  32  2:43  Zergling x2  
  32  2:48  Overlord  
  32  2:54  Drone x2  
  34  3:05  Zergling x2  
  35  3:06  Zergling x2  
  35  3:10  Drone x6  
  42  3:20  Overlord  
  42  3:27  Drone  
  39  3:38  Drone x2  
  41  3:44  Queen x2  
  41  3:46  Drone  
  45  3:51  Spore Crawler, Drone x2, Evolution Chamber  
  45  3:52  Drone  
  45  3:53  Overlord  
  46  3:57  Spore Crawler  
  46  3:59  Drone  
  46  4:02  Drone x2  
  48  4:06  Drone x2  
  50  4:13  Overlord  
  50  4:17  Drone  
  50  4:18  Zerg Melee Weapons Level 1  
  50  4:23  Spore Crawler  
  50  4:28  Queen  
  50  4:30  Zergling x10  
  56  4:36  Overlord  
  56  4:39  Drone  
  56  4:40  Overlord  
  57  4:55  Baneling Nest, Drone x9  
  65  5:00  Queen  
  65  5:02  Zergling x4  
  65  5:05  Drone  
  65  5:06  Drone x2  
  72  5:11  Zergling x4  
  74  5:14  Spore Crawler  
  74  5:17  Zergling x2  
  74  5:20  Overlord  
  73  5:24  Overlord  
  73  5:31  Overlord  
  73  5:38  Zergling x4  
  73  5:39  Zergling x4  
  73  5:40  Hatchery  
  72  5:43  Zergling x10  
  72  5:45  Zergling x2  
  72  5:46  Zergling x4  
  74  5:50  Drone x2  
  74  5:52  Lair  
  75  5:58  Drone x4  
  75  6:03  Drone  
  78  6:06  Drone x2  
  78  6:08  Extractor  
  79  6:12  Overlord  
  79  6:16  Drone x2  
  80  6:22  Drone x2  
  80  6:24  Drone x4  
  83  6:26  Drone  
  83  6:27  Extractor  
  83  6:28  Extractor x2  
  81  6:35  Drone x5  
  81  6:39  Zergling x2  
  87  6:43  Overlord  
  87  6:45  Drone  
  88  6:51  Overlord, Hydralisk Den  
  88  6:52  Drone x2  
  88  6:53  Drone x3, Centrifical Hooks  
  92  6:55  Extractor  
  92  7:01  Drone x3  
  94  7:05  Overlord  
  94  7:08  Overlord  
  94  7:10  Drone  
  94  7:11  Drone x3  
  98  7:16  Zerg Melee Weapons Level 2  
  98  7:19  Hatchery  
  98  7:20  Grooved Spines, Drone  
  98  7:21  Drone  
  99  7:24  Spore Crawler, Drone  
  99  7:29  Spore Crawler  
  96  7:39  Drone  
  96  7:40  Drone x2  
  96  7:41  Hydralisk  
  96  7:42  Hydralisk x6  
  96  7:44  Drone x2  
  115  7:47  Overseer  
  115  7:51  Hydralisk x3  
  115  7:53  Overseer  
  115  7:56  Drone x3  
  124  7:59  Drone x2  
  124  8:00  Drone x2  
  124  8:04  Overlord  
  126  8:08  Hydralisk x3  
  126  8:20  Hydralisk x6  
  126  8:24  Overlord  
  138  8:28  Drone  
  138  8:29  Drone  
  140  8:40  Pneumatized Carapace  
  140  8:44  Hatchery  
  140  8:47  Zergling x2  
  140  8:48  Zergling x30  
  155  8:51  Baneling x13  
  155  8:55  Muscular Augments  
  155  8:58  Overlord  
  155  9:03  Zergling x4  
  155  9:04  Zergling x12  
  155  9:05  Spine Crawler  
  155  9:07  Spine Crawler  
  155  9:08  Drone  
  162  9:12  Infestation Pit, Drone x5  
  162  9:16  Baneling x8  
  166  9:23  Overlord  
  166  9:29  Baneling x12  
  162  9:38  Zergling x2  
  162  9:39  Zergling x26  
  169  9:49  Hive  
  169  9:54  Overlord  
  169  9:56  Zergling x16  
  169  9:57  Zergling x4, Baneling x5  
  169  9:58  Zergling x2  
  180  10:09  Baneling x12  
  180  10:10  Baneling x3  
  177  10:19  Zergling x10  
  177  10:20  Zergling x24  
  191  10:22  Baneling x2  
  191  10:23  Baneling x6  
  189  10:36  Baneling x8  
  189  10:37  Baneling  
  184  10:43  Zergling x2, Hatchery  
  184  10:44  Zergling x8  
  184  10:45  Overlord x2  
  184  10:46  Overlord  
  184  10:47  Overlord  
  183  10:52  Drone x2  
  183  10:55  Zerg Missile Weapons Level 1  
  181  11:00  Baneling  
  181  11:01  Baneling x11  
  180  11:18  Zergling x2  
  180  11:19  Zergling x38  
  192  11:32  Zergling x28  
  195  11:33  Zergling x8  
  195  11:38  Drone, Extractor  
  195  11:39  Drone  
  198  11:40  Extractor  
  198  11:45  Baneling x4  
  198  11:46  Baneling x18  
  195  11:47  Zergling x2  
  195  11:48  Zergling x6  
  195  11:53  Zergling x2  
  199  11:58  Zergling x4  
  199  11:59  Zergling x2  
  188  12:03  Spire  
  180  12:08  Zergling x2  
  180  12:09  Zergling x14  
  180  12:10  Zergling x14  
  180  12:15  Zergling x6  
  160  12:16  Hydralisk x7  
  160  12:21  Zergling x2  
  160  12:22  Zergling x8  
  160  12:27  Zergling x12  
  160  12:28  Zergling x2  
  154  12:30  Baneling x4  
  154  12:33  Zergling x4  
  156  12:37  Baneling x7  
Show
View Real Time Build Order
Export as new Build Order

Neeb Protoss 

Build Orders: 1 Gate Expand, Oracle Opening, Phoenix Opening, Archon Immortal 

Get SALT Encoding   

  12  0:00  Probe  
  13  0:12  Probe  
  14  0:17  Pylon  
  14  0:24  Probe  
  15  0:30  Assimilator  
  15  0:32  Probe  
  15  0:40  Probe  
  16  0:47  Gateway  
  17  0:51  Probe  
  18  1:03  Probe  
  19  1:15  Probe  
  20  1:23  Nexus  
  20  1:34  Cybernetics Core  
  20  1:36  Probe  
  21  1:42  Assimilator  
  21  1:48  Probe  
  21  1:51  Pylon  
  22  2:00  Probe  
  23  2:01  Adept  
  23  2:08  Probe  
  23  2:11  Warp Gate  
  26  2:16  Probe  
  27  2:25  Stargate  
  27  2:26  Probe  
  28  2:30  Adept  
  28  2:32  Probe  
  31  2:39  Probe  
  31  2:40  Probe  
  33  2:50  Probe  
  33  2:51  Probe  
  34  2:57  Adept  
  37  3:02  Probe, Phoenix  
  37  3:03  Probe  
  39  3:09  Pylon  
  41  3:14  Probe  
  41  3:19  Gateway  
  42  3:21  Oracle, Probe  
  42  3:26  Probe  
  45  3:34  Probe  
  46  3:45  Gateway  
  46  3:46  Probe  
  46  3:50  Gateway  
  46  3:53  Adept  
  48  3:56  Probe  
  48  4:00  Probe  
  50  4:05  Pylon  
  50  4:08  Probe  
  51  4:12  Probe  
  51  4:15  Adept  
  51  4:16  Pylon  
  54  4:17  Pylon  
  54  4:20  Assimilator  
  54  4:22  Assimilator  
  54  4:23  Probe  
  55  4:24  Probe  
  55  4:26  Oracle  
  59  4:33  Adept  
  59  4:35  Probe  
  59  4:37  Probe  
  63  4:41  Adept  
  65  4:51  Nexus  
  65  4:52  Pylon  
  65  4:54  Adept  
  65  4:58  Adept  
  69  5:00  Probe  
  69  5:01  Probe  
  71  5:07  Adept  
  71  5:12  Probe  
  74  5:17  Robotics Facility, Probe  
  74  5:21  Shield Battery  
  75  5:25  Probe  
  76  5:28  Pylon  
  76  5:30  Probe  
  75  5:37  Probe  
  75  5:42  Probe  
  77  5:49  Probe  
  74  5:52  Sentry x3  
  74  5:54  Forge, Probe  
  74  5:55  Immortal  
  77  5:57  Twilight Council  
  77  5:59  Protoss Ground Weapons Level 1  
  77  6:01  Probe  
  78  6:06  Probe  
  78  6:11  Shield Battery, Probe  
  83  6:13  Probe  
  83  6:16  Zealot x2  
  83  6:18  Zealot, Probe  
  90  6:24  Probe  
  90  6:25  Probe  
  93  6:26  Immortal  
  93  6:29  Charge  
  93  6:30  Assimilator, Probe  
  94  6:35  Assimilator  
  94  6:36  Probe  
  94  6:37  Probe  
  94  6:39  Pylon  
  100  6:41  Templar Archives  
  100  6:42  Probe  
  101  6:48  Probe  
  101  6:52  Pylon, Probe  
  103  6:54  Probe  
  103  7:00  Gateway x2, Observer  
  104  7:02  Gateway  
  105  7:10  Gateway x2, Psionic Storm  
  105  7:16  Pylon  
  105  7:17  Immortal  
  105  7:19  Photon Cannon  
  105  7:20  High Templar x3  
  115  7:45  Probe x2  
  115  7:50  Nexus  
  115  7:51  Pylon, Immortal  
  117  7:54  High Templar x2  
  117  7:55  High Templar  
  127  7:58  Pylon  
  126  8:10  Zealot  
  126  8:11  Zealot x2, Archon  
  132  8:13  Probe x2  
  130  8:24  High Templar x2, Probe  
  130  8:25  Probe, Immortal  
  130  8:26  Zealot x2  
  138  8:30  Zealot  
  138  8:32  Zealot x2  
  148  8:34  Protoss Ground Weapons Level 2  
  148  8:39  Probe  
  149  8:44  Shield Battery  
  149  8:45  Pylon x2  
  149  8:46  Shield Battery  
  149  8:49  Shield Battery  
  149  8:52  Pylon  
  149  8:55  Assimilator  
  149  8:57  Assimilator  
  149  9:02  Photon Cannon  
  149  9:04  High Templar x2, Immortal  
  149  9:08  Archon  
  157  9:11  Zealot x5  
  167  9:19  Shield Battery  
  167  9:22  Fleet Beacon  
  164  9:37  High Templar, Stargate, Immortal  
  164  9:38  High Templar, Stargate  
  166  9:40  Zealot x3  
  166  9:41  Zealot x2  
  166  9:43  Archon  
  180  9:58  Carrier  
  180  10:00  Carrier  
  180  10:01  Carrier  
  180  10:02  Pylon  
  180  10:08  Pylon  
  182  10:27  Zealot  
  176  10:44  Protoss Air Weapons Level 1  
  176  10:46  Graviton Catapult  
  167  10:50  Probe  
  156  10:59  Zealot x8  
  172  11:06  Probe x2, Nexus  
  172  11:08  Probe x2  
  175  11:22  Stalker x3  
  175  11:24  Carrier  
  127  11:43  High Templar x4  
  133  11:47  Zealot, Archon x2  
  94  12:18  Zealot x2  
  92  12:29  High Templar  
  86  12:37  Zealot  
Tags
 
Add a new tag
Caveats
  • Supply blocks, unpowered buildings, or Contaminate may cause inaccurate times.
  • Supply counts are checked every 10 seconds.